 Dungeon Crawl Stone Soup version 0.20.0-15-g7f486f2 (webtiles) character file.

3805 vishdafish the Blocker (level 9, -1/73 HPs)
             Began as a Minotaur Fighter on June 18, 2017.
             Killed from afar by a white imp (12 damage)
             ... with a puff of frost
             ... summoned by a kobold demonologist
             ... in a bailey.
             The game lasted 00:40:01 (6825 turns).

vishdafish the Blocker (Minotaur Fighter)           Turns: 6825, Time: 00:40:01

Health: -1/73      AC:  7    Str: 22    XL:     9   Next: 96%
Magic:  8/8        EV: 11    Int:  5    God:    Xom [....*.]
Gold:   380        SH: 14    Dex: 12    Spells: 8/8 levels left

rFire    + . .     SeeInvis +   a - +1 long sword
rCold    x . .     Gourm    .   c - +0 shield
rNeg     . . .     Faith    .   b - +0 scale mail
rPois    +         Spirit   .   (helmet restricted)
rElec    .         Reflect  .   (no cloak)
rCorr    .         Harm     .   (no gloves)
MR       .....                  (no boots)
Stlth    ..........             (no amulet)
Regen    0.3/turn               G - ring of fire
MPRegen  0.2/turn               y - ring of see invisible

@: hasted, very quick
A: retaliatory headbutt, horns 2, poison resistance
a: Renounce Religion


You were in a bailey.
You worshipped Xom.
You were a beloved toy of Xom.
You were not hungry.

You visited 2 branches of the dungeon, and saw 8 of its levels.
You also visited: Bailey.

You collected 380 gold pieces.

Inventory:

Hand Weapons
 a - a +1 long sword (weapon)
 F - a +2 vampiric short sword
Missiles
 r - 7 poisoned needles (quivered)
Armour
 b - a +0 scale mail (worn)
 c - a +0 shield (worn)
 j - a +2 robe of positive energy
Magical Staves
 p - an uncursed staff of power
Jewellery
 g - an uncursed ring of protection from magic
 y - a ring of see invisible (right hand)
 G - a ring of fire (left hand)
Wands
 m - a wand of iceblast (4/15)
 n - a wand of disintegration (14/24)
 v - a wand of polymorph (3/24)
 K - a wand of acid (7/15)
Scrolls
 i - 3 scrolls of magic mapping
 o - 2 scrolls of teleportation {unknown}
 q - 3 scrolls of recharging
 t - 3 scrolls of remove curse {unknown}
 x - 2 scrolls of amnesia {unknown}
 I - a scroll of acquirement {unknown}
Potions
 d - 3 potions of might
 e - a potion of invisibility {unknown}
 h - 2 potions of magic
 k - 2 potions of ambrosia
 s - a potion of berserk rage {unknown}
 u - a potion of lignification
 A - 3 potions of curing {unknown}
 B - 2 potions of degeneration {unknown}
 C - a potion of resistance {unknown}
 E - 2 potions of mutation {unknown}
Books
 H - a book of Maledictions

   Spells                             Type                      Level
   a - Corona                         Hexes                        1
   b - Ensorcelled Hibernation        Hexes/Ice                    2
   c - Confuse                        Hexes                        3
   d - Tukima's Dance                 Hexes                        3
   e - Dazzling Spray                 Conjuration/Hexes            3
Comestibles
 f - 3 bread rations
 l - a royal jelly
 z - a meat ration
 J - 4 fruits


   Skills:
 - Level 4.9 Fighting
 - Level 5.6 Long Blades
 - Level 5.2 Armour
 - Level 2.6 Dodging
 - Level 0.1 Stealth
 * Level 14.6 Shields
 + Level 1.2 Evocations


You had 8 spell levels left.
You didn't know any spells.

Dungeon Overview and Level Annotations

Branches:
Dungeon (7/15)             Temple (1/1) D:5

Altars:
Ashenzari
Cheibriados
Dithmenos
Elyvilon
Fedhas
Gozag
Hepliaklqana
Kikubaaqudgha
Makhleb
Nemelex Xobeh
Okawaru
Qazlal
Ru
Sif Muna
Trog
Uskayaw
Vehumet
Xom
Yredelemnul
Zin
The Shining One

Shops:
D:5 [


Innate Abilities, Weirdness & Mutations

You reflexively headbutt those who attack you in melee.
You have a pair of horns on your head.
Your system is resistant to poisons. (rPois)


Message History

You hear a shout! x10
Aiming: Disintegrate
Press: ? - help, Shift-Dir - straight line, f - kobold demonologist
Aim: a kobold demonologist, wielding a war axe and wearing a ring mail (magical condensation, chance to defeat MR: 53%)
The kobold demonologist resists with significant effort.
This wand has 14 charges left.
Aiming: Iceblast
Press: ? - help, Shift-Dir - straight line, f/p - kobold demonologist
Aim: a kobold demonologist, wielding a war axe and wearing a ring mail (magical condensation)
The mass of ice explodes!
The iceblast engulfs the kobold demonologist.
The kobold demonologist is lightly wounded.
The iceblast engulfs the white imp.
The white imp partially resists.
The white imp is almost dead.
This wand has 4 charges left.
You hear a shout!
The white imp gestures at you. The puff of frost hits you!
You feel a terrible chill!
You die...
Xom giggles madly!

...#.≈≈≈≈≈≈#
...#.≈≈≈≈≈.######
####''#.≈≈≈≈≈......#
#.....#.≈≈≈≈≈......##
#....)+..............
#..⌠))+..........∩..∩
#..)..+..............
#.....#.≈≈≈≈≈......##
#####@'#.≈≈≈≈≈......#
#§§§5..#.≈≈≈≈≈.######
#)§§K..#.≈≈≈≈≈≈#
#....§§.######≈≈≈≈≈#
+.8.8.8.# #≈≈≈≈≈#
#.......# #≈≈≈≈
#+#######


You could see a kobold demonologist and a white imp.

Vanquished Creatures
  An orc sorcerer (Bailey)
  Joseph (D:7)
  Sigmund (D:6)
  4 yaks (D:6)
  The ghost of NormalPerson7 the Cutter, an amateur BaAs of Makhleb (D:3)
  Duvessa (D:6)
  An ice beast (D:7)
  A sky beast (D:5)
  2 orc warriors
  2 ogres
  3 centaurs (D:6)
  Blork the orc (D:4)
  2 bullfrogs (D:7)
  Dowan (D:6)
  A scorpion (D:4)
  4 wights (D:6)
  3 howler monkeys (D:7)
  2 electric eels (Bailey)
  2 crimson imps
  A jelly (D:5)
  2 orc priests
  2 centaur skeletons
  7 orc wizards
  2 iguanas (D:6)
  3 worker ants
  A hound zombie (D:7)
  A hound skeleton (D:6)
  Robin (D:3)
  5 adders
  A howler monkey skeleton (D:5)
  5 gnolls
  A worm (D:5)
  2 dart slugs
  5 leopard geckos
  19 orcs
  6 bats
  3 giant cockroaches
  19 goblins
  11 hobgoblins
  9 jackals
  A ball python (D:4)
  3 frilled lizards
  6 kobolds
  12 rats
162 creatures vanquished.

Vanquished Creatures (collateral kills)
  A gnoll (Bailey)
1 creature vanquished.

Grand Total: 163 creatures vanquished

Notes
Turn   | Place    | Note
-------+----------+-------------------------------------------
     0 | D:1      | vishdafish the Minotaur Fighter began the quest for the Orb.
     0 | D:1      | Reached XP level 1. HP: 19/19 MP: 0/0
   381 | D:1      | Reached XP level 2. HP: 27/27 MP: 1/1
   643 | D:1      | Reached XP level 3. HP: 29/33 MP: 2/2
  1015 | D:2      | Reached skill level 1 in Dodging
  2058 | D:3      | Reached skill level 4 in Shields
  2058 | D:3      | Reached XP level 4. HP: 22/40 MP: 3/3
  2229 | D:3      | Noticed Robin
  2230 | D:3      | Noticed NormalPerson7's ghost (amateur BaAs)
  2263 | D:3      | Reached XP level 5. HP: 38/46 MP: 4/4
  2273 | D:3      | Killed Robin
  2286 | D:3      | Killed NormalPerson7's ghost
  2286 | D:3      | Reached skill level 5 in Armour
  2286 | D:3      | Reached XP level 6. HP: 17/53 MP: 5/5
  2743 | D:3      | Reached skill level 5 in Long Blades
  3307 | D:4      | Noticed Blork the orc
  3323 | D:4      | Killed Blork the orc
  3506 | D:4      | Reached skill level 5 in Shields
  3712 | D:5      | Entered Level 5 of the Dungeon
  3730 | D:5      | Found a staircase to the Ecumenical Temple.
  3763 | D:5      | Reached XP level 7. HP: 46/60 MP: 6/6
  3804 | D:5      | Reached skill level 6 in Shields
  3871 | D:5      | Reached skill level 7 in Shields
  4056 | Temple   | Entered the Ecumenical Temple
  4270 | Temple   | Became a worshipper of Xom of Chaos
  4305 | D:5      | XOM: harmless Pois miscast
  4412 | D:5      | Found Ifessah's Antique Armour Shoppe.
  4486 | D:5      | Reached skill level 8 in Shields
  4929 | D:4      | XOM: 3-stop teleportation journey
  4987 | D:5      | Reached XP level 8. HP: 45/67 MP: 7/7
  5002 | D:5      | Reached skill level 9 in Shields
  5244 | D:6      | XOM: summons 2 friendly demons
  5252 | D:6      | Reached skill level 10 in Shields
  5255 | D:6      | XOM: confuse monster(s)
  5277 | D:6      | Reached skill level 11 in Shields
  5615 | D:6      | Noticed Sigmund
  5619 | D:6      | Killed Sigmund
  5663 | D:6      | Noticed Dowan
  5673 | D:6      | Killed Dowan
  5673 | D:6      | Reached XP level 9. HP: 71/73 MP: 8/8
  5675 | D:6      | Noticed Duvessa
  5682 | D:6      | XOM: cast spell 'Statue Form'
  5689 | D:6      | Killed Duvessa
  5689 | D:6      | Reached skill level 12 in Shields
  5742 | D:6      | XOM: potion effect (berserk rage)
  5743 | D:6      | XOM: confuse monster(s)
  5865 | D:6      | XOM: medium Tmut miscast
  5870 | D:6      | Gained mutation: Your system is resistant to poisons. (rPois) [mutagenic glow]
  5940 | D:6      | XOM: confuse monster(s)
  6036 | D:6      | XOM: divination: detect items
  6194 | D:7      | Noticed Joseph
  6206 | D:7      | XOM: potion effect (heal wounds)
  6212 | D:7      | Killed Joseph
  6212 | D:7      | Reached skill level 13 in Shields
  6309 | D:7      | Reached skill level 1 in Evocations
  6364 | D:7      | XOM: harmless Hex miscast
  6472 | D:7      | Found a flagged portal.
  6494 | Bailey   | Entered a bailey
  6499 | Bailey   | Reached skill level 14 in Shields
  6522 | Bailey   | XOM: butterfly on damage
  6702 | Bailey   | XOM: scenery: 1 fountains blood, 4 doors open, 3 doors close
  6724 | Bailey   | Noticed an orc sorcerer
  6732 | Bailey   | XOM: summons friendly iron imp
  6737 | Bailey   | Killed an orc sorcerer
  6808 | Bailey   | Noticed a kobold demonologist
  6812 | Bailey   | XOM: smoke on damage
  6813 | Bailey   | Noticed an ice devil
  6822 | Bailey   | XOM: divine lightning
  6825 | Bailey   | Killed from afar by a white imp

Skill      XL: |  1  2  3  4  5  6  7  8  9 |
---------------+----------------------------+-----
Armour         | 4 5 |  5.2
Fighting       | 4 |  4.9
Dodging        | 1 2 |  2.6
Long Blades    | 3 4 5 |  5.6
Shields        | 4 5 8 11 14 | 14.6
Evocations     | 1 |  1.2
Stealth        | |  0.1

Action                   |  1- 3 |  4- 6 |  7- 9 || total
-------------------------+-------+-------+-------++-------
Melee: Long sword        |    94 |   138 |   283 ||   515
       Headbutt          |    16 |    23 |    73 ||   112
Evoke: Wand              |       |       |    11 ||    11
  Use: Scroll            |       |    11 |     3 ||    14
       Potion            |       |     1 |     3 ||     4
 Stab: Confused          |       |       |     1 ||     1
  Eat: Bread ration      |     1 |     1 |     2 ||     4
       Royal jelly       |       |       |     1 ||     1
Armor: Scale mail        |    48 |    63 |    64 ||   175
       Skin              |       |     1 |     3 ||     4
Dodge: Dodged            |    35 |    42 |   106 ||   183
Block: Shield            |    39 |    67 |   200 ||   306
       Rpst.: Long sword |     8 |    17 |    25 ||    50
